 Dungeon Crawl Stone Soup version 0.24-a0-640-ge7cd8ce796 (webtiles) character file.

Game seed: 5993205854981242812, levelgen mode: deterministic

228 MalarOregon the Magician (level 5, 0/44 HPs)
             Began as a Draconian Wizard on Sept 25, 2019.
             Killed by nerve-wracking pain
             ... invoked by Grinder
              (11 damage)
             ... on level 4 of the Dungeon.
             The game lasted 00:08:35 (3552 turns).

MalarOregon the Magician (Draconian Wizard)         Turns: 3552, Time: 00:08:35

Health: 0/44       AC:  5    Str: 14    XL:     5   Next: 70%
Magic:  11/11      EV: 16    Int: 19    God:
Gold:   83         SH:  0    Dex: 10    Spells: 9/12 levels left

rFire    . . .     SeeInvis .   r - +1 hunting sling (velocity)
rCold    . . .     Gourm    .   (no shield)
rNeg     . . .     Faith    .   (armour unavailable)
rPois    .         Spirit   .   a - +0 hat
rElec    .         Reflect  .   (no cloak)
rCorr    .         Harm     .   (no gloves)
MR       .....                  (no boots)
Stlth    ++........             (no amulet)
HPRegen  0.14/turn              o - +3 ring of evasion
MPRegen  0.12/turn              j - +5 ring of strength

@: no status effects
A: unfitting armour, cold-blooded, AC +5
a: no special abilities


You were on level 4 of the Dungeon.
You were not hungry.

You visited 1 branch of the dungeon, and saw 4 of its levels.

You collected 83 gold pieces.

Inventory:

Hand Weapons
 m - a +0 quarterstaff
   (You took it off a hobgoblin on level 2 of the Dungeon)
 r - a +1 hunting sling of velocity (weapon)
   (You found it on level 3 of the Dungeon)
Missiles
 n - 83 stones (quivered)
Armour
 a - a +0 hat (worn)
Jewellery
 j - a +5 ring of strength (right hand)
   (You found it on level 2 of the Dungeon)
 o - a +3 ring of evasion (left hand)
   (You found it on level 3 of the Dungeon)
 t - a cursed amulet of inaccuracy {unknown}
   (You found it on level 3 of the Dungeon)
Wands
 h - a wand of polymorph (7)
   (You found it on level 2 of the Dungeon)
Scrolls
 b - 3 scrolls of teleportation {unknown}
 c - a scroll of immolation {unknown}
 d - a scroll of fog {unknown}
 f - a scroll of blinking {unknown}
 g - a scroll of enchant armour {unknown}
 k - 3 scrolls of noise {unknown}
 q - a scroll of fear {unknown}
 s - a scroll of remove curse {unknown}
Potions
 i - a potion of mutation {unknown}
 l - a potion of heal wounds {unknown}
Comestibles
 e - 11 rations {!d}
 p - 7 chunks of flesh


   Skills:
 * Level 2.8 Fighting
 * Level 3.2 Dodging
 - Level 1.7 Stealth
 * Level 4.0 Spellcasting
 + Level 2.2 Conjurations
 + Level 1.6 Summonings
   Level 1.0 Translocations


You had 9 spell levels left.
You knew the following spells:

 Your Spells              Type           Power        Failure   Level  Hunger
a - Magic Dart            Conj           ##..         5%          1    None
x - Call Imp              Summ           ##......     11%         2    ##.....

Your spell library contained the following spells:

 Spells                   Type           Power        Failure   Level  Hunger
 Blink                    Tloc           N/A          14%         2    ##.....
 Slow                     Hex            #.......     21%         2    ##.....
 Conjure Flame            Conj/Fire      #.......     26%         3    ###....
 Mephitic Cloud           Conj/Pois/Air  #.......     30%         3    ###....


Dungeon Overview and Level Annotations

Branches:
Dungeon (4/15)
 Temple: D:4-7

Altars:

Annotations:
D:4 Grinder


Innate Abilities, Weirdness & Mutations

Your plain brown scales are hard. (AC +5)
You cannot fit into any form of body armour.
You are cold-blooded and may be slowed by cold attacks.


Message History

You butcher the ball python corpse.
p - 4 chunks of flesh (gained 3)
Things that are here:
a ball python skeleton; a hound corpse You butcher the hound corpse.
p - 6 chunks of flesh (gained 2)
Things that are here:
a ball python skeleton; a hound skeleton
n - 63 stones (gained 8)
You see here a worm corpse.
You butcher the worm corpse.
p - 7 chunks of flesh (gained 1)
There isn't anything here!
n - 64 stones (gained 1)
n - 65 stones (gained 1)
n - 83 stones (gained 18)
You start resting.
Grinder comes into view.
Grinder shouts!
Grinder gestures at you.
You suddenly lose the ability to move!
Grinder hits you.
You writhe in agony.
You can move again.
Unknown command.
Unknown command.
Unknown command.
Grinder gestures at you.
You suddenly lose the ability to move!
Grinder hits you.
You writhe in agony.
Grinder says, "You look like you could use a good racking."
Grinder hits you. Grinder hits you.
You writhe in agony.
* * * LOW HITPOINT WARNING * * *
Grinder says, "You look like you could use a good racking."
Grinder hits you.
* * * LOW HITPOINT WARNING * * *
You writhe in agony.
* * * LOW HITPOINT WARNING * * *
Grinder gestures at you. You resist with significant effort.
You can move again.
Unknown command.
Unknown command.
Unknown command.
Unknown command.
Grinder gestures at you.
You shrug off the repeated paralysis!
Grinder gestures at you. Pain shoots through your body!
You die...

##.## ##...### #.......
##....##.## ..... ...#
#.#)# #..## #.#.## ...
#<@..###.#
##.###5##.##### #..
#........#
####..###รท##.###.####.#
#........###..........#
.##.##.## #####.##.#.#
#. #.# #.# # #. #.####
#.# #....# #.#


You could see Grinder.

Vanquished Creatures
  An orc wizard (D:2)
  A hound (D:4)
  A worker ant (D:4)
  3 adders
  An ooze (D:3)
  2 worms
  3 dart slugs
  A leopard gecko (D:3)
  7 orcs
  A ball python (D:4)
  5 bats
  2 giant cockroaches
  4 goblins
  4 hobgoblins
  2 jackals (D:3)
  5 kobolds
  2 quokkas (D:2)
  3 frilled lizards
  6 rats
54 creatures vanquished.

Vanquished Creatures (collateral kills)
  An ogre (D:4)
  A worm (D:2)
2 creatures vanquished.

Grand Total: 56 creatures vanquished

Notes
Turn   | Place    | Note
-------+----------+-------------------------------------------
     0 | D:1      | MalarOregon the Draconian Wizard began the quest for the
                  | Orb.
     0 | D:1      | Reached XP level 1. HP: 14/14 MP: 4/4
   371 | D:1      | Reached XP level 2. HP: 22/22 MP: 0/6
   651 | D:1      | Reached skill level 1 in Fighting
  1491 | D:2      | Reached XP level 3. HP: 28/28 MP: 1/7
  1834 | D:2      | Learned a level 2 spell: Call Imp
  2000 | D:2      | Reached XP level 4. HP: 28/36 MP: 1/9
  3282 | D:4      | Noticed an ogre
  3303 | D:4      | Killed an ogre
  3303 | D:4      | Reached XP level 5. HP: 23/42 MP: 4/10
  3478 | D:4      | Reached skill level 4 in Spellcasting
  3531 | D:4      | Noticed Grinder
  3534 | D:4      | Paralysed by Grinder for 5 turns
  3544 | D:4      | Paralysed by Grinder for 7 turns
  3552 | D:4      | Killed from afar by Grinder

Levels and vault maps discovered:
D:1:      lightli_arrival_chessboard, layout_basic
D:2:      layout_loops_ring, first_ration, minmay_misc_feat_rugged
D:3:      layout_basic
D:4:      layout_loops_ring, tgw_sif, kennysheep_little_box,
          guppyfry_early_orc_mine, uniq_menkaure, uniq_grinder

Skill      XL: |  1  2  3  4  5 |
---------------+----------------+-----
Dodging        | 2 3 |  3.2
Fighting       | 1 2 |  2.8
Conjurations   | 2 |  2.2
Spellcasting   | 4 |  4.0
Stealth        | |  1.7
Summonings     | |  1.6
Translocations | |  1.0

Action                   |  1- 3 |  4- 6 || total
-------------------------+-------+-------++-------
Melee: Unarmed           |    23 |     2 ||    25
       Tailslap          |     3 |       ||     3
 Fire: Hunting sling     |       |    51 ||    51
 Cast: Magic Dart        |    84 |    41 ||   125
       Call Imp          |     2 |     3 ||     5
  Eat: Chunk             |     3 |     5 ||     8
Armor: Skin              |    10 |    12 ||    22
Dodge: Dodged            |    25 |    43 ||    68

Table legend:
 A = Non-vault XP
 B = Vault XP
 C = Vault XP percentage of total XP
 D = Non-vault monster count
 E = Vault monster count
 F = Vault count percentage of total count
                 A         B        C        D         E       F
            +---------+---------+-------+---------+---------+-------
      Total |     326 |       0 |   0.0 |      56 |       0 |   0.0
            +---------+---------+-------+---------+---------+-------
        D:1 |      26 |       0 |   0.0 |      14 |       0 |   0.0
        D:2 |     104 |       0 |   0.0 |      19 |       0 |   0.0
        D:3 |      56 |       0 |   0.0 |      18 |       0 |   0.0
        D:4 |     140 |       0 |   0.0 |       5 |       0 |   0.0
            +---------+---------+-------+---------+---------+-------
